 Dungeon Crawl Stone Soup version 0.28.0 (webtiles) character file.

Game seed: 8800504277229259404

35 RighteousDevil the Prestidigitator (level 3, -3/25 HPs)
             Began as a Gnoll Wanderer on Feb 15, 2022.
             Killed from afar by a dart slug (5 damage)
             ... with a slug dart
             ... on level 2 of the Dungeon.
             The game lasted 00:02:05 (1577 turns).

RighteousDevil the Prestidigitator (Gnoll Wanderer) Turns: 1577, Time: 00:02:06

Health: -3/25      AC:  2    Str: 13    XL:     3   Next: 35%
Magic:  4/4        EV: 12    Int: 11    God:
Gold:   52         SH:  0    Dex: 11    Spells: 3/3 levels left

rFire   . . .      SeeInvis .   a - +2 dagger
rCold   . . .      Faith    .   (no shield)
rNeg    . . .      Spirit   .   e - +0 robe
rPois   .          Reflect  .   (no helmet)
rElec   .          Harm     .   (no cloak)
rCorr   .          Rampage  .   (no gloves)
Will    .....                   (no boots)
Stlth   ++........              (no amulet)
HPRegen 0.08/turn               (no ring)
MPRegen 0.09/turn               (no ring)

@: no status effects
A: fangs 1, strong nose, distributed training
a: no special abilities


You were on level 2 of the Dungeon.
You visited 1 branch of the dungeon, and saw 2 of its levels.

You collected 52 gold pieces.

Inventory:

Hand Weapons
 a - a +2 dagger (weapon)
 c - a +0 falchion
Armour
 e - a +0 robe (worn)
Scrolls
 b - 2 scrolls of blinking
Potions
 f - a potion of degeneration {unknown}


   Skills:
 + Level 0.7 Fighting
 + Level 0.7 Short Blades
 + Level 4.5 Long Blades
 + Level 0.7 Axes
 + Level 0.7 Maces & Flails
 + Level 0.7 Polearms
 + Level 0.7 Staves
 + Level 0.7 Slings
 + Level 0.7 Bows
 + Level 0.7 Crossbows
 + Level 0.7 Throwing
 + Level 0.7 Armour
 + Level 2.6 Dodging
 + Level 4.1 Stealth
 + Level 0.7 Shields
 + Level 0.7 Unarmed Combat
 + Level 0.7 Spellcasting
 + Level 0.5 Conjurations
 + Level 0.5 Hexes
 + Level 0.5 Summonings
 + Level 0.5 Necromancy
 + Level 0.5 Translocations
 + Level 0.5 Transmutations
 + Level 0.5 Fire Magic
 + Level 0.5 Ice Magic
 + Level 0.5 Air Magic
 + Level 0.5 Earth Magic
 + Level 0.5 Poison Magic
 + Level 0.9 Invocations
 + Level 10.4 Evocations


You had 3 spell levels left.
You didn't know any spells.
Your spell library was empty.

Dungeon Overview and Level Annotations

Branches:
Dungeon (2/15)

Altars:
Ru


Innate Abilities, Weirdness & Mutations

You have very sharp teeth.
Your uncanny sense of smell can sniff out nearby items.
Your experience applies equally to all skills.


Message History

You are too injured to fight recklessly!
You are too injured to fight recklessly!
You are too injured to fight recklessly!
You are too injured to fight recklessly!
You are too injured to fight recklessly!
You are too injured to fight recklessly!
You are too injured to fight recklessly!
You are too injured to fight recklessly!
You are too injured to fight recklessly!
You are too injured to fight recklessly!
You are too injured to fight recklessly!
You are too injured to fight recklessly!
You are too injured to fight recklessly!
You are too injured to fight recklessly!
Unknown command.
You hit the dart slug but do no damage.
The dart slug is severely wounded.
The goblin closely misses you. The dart slug launches a dart at you.
The slug dart hits you.
* * * LOW HITPOINT WARNING * * *
You hit the dart slug.
The dart slug is severely wounded.
The goblin hits you with a +0 dagger.
* * * LOW HITPOINT WARNING * * *
The dart slug bites you.
* * * LOW HITPOINT WARNING * * *
The goblin hits you with a +0 dagger.
* * * LOW HITPOINT WARNING * * *
There is a stone staircase leading up here.
Aiming: Throw Flame
Press: ? - help, Q - select action Shift-Dir - straight line, f - goblin
Aim: a goblin, wielding a +0 dagger (72% to hit)
The puff of flame hits the goblin!
You kill the goblin!
The now-empty wand crumbles to dust.
Unknown command.
The dart slug launches a dart at you. The slug dart hits you.
You die...

.####.. ∆ ........ ∆
#...... #.....#+#
#.....#.#####
####.#.....†...#
...........###
..........<@.# #
.........###w#.#
........†..#.#.#####
.........#.#........
..###+#.............
#....##.......
####..........
...........
##..........


You could see a dart slug.

Vanquished Creatures
  A worm (D:2)
  2 dart slugs (D:1)
  3 bats (D:1)
  An endoplasm (D:1)
  A giant cockroach (D:1)
  4 goblins
  A hobgoblin (D:1)
  2 quokkas (D:1)
  6 ball pythons
  A frilled lizard (D:1)
  2 kobolds (D:1)
  4 rats
28 creatures vanquished.

Notes
Turn   | Place    | Note
-------+----------+-------------------------------------------
     0 | D:1      | Reached skill level 10 in Evocations
     0 | D:1      | RighteousDevil the Gnoll Wanderer began the quest for the
                  | Orb.
     0 | D:1      | RighteousDevil set off with the following items: a +2
                  | dagger, a scroll of blinking, a +0 falchion, a wand of
                  | flame (6), a +0 robe
     0 | D:1      | Reached XP level 1. HP: 13/13 MP: 1/1
   227 | D:1      | Found a sacrificial altar of Ru.
   257 | D:1      | Reached XP level 2. HP: 16/19 MP: 2/2
  1102 | D:1      | Reached XP level 3. HP: 17/25 MP: 3/3
  1577 | D:2      | Killed from afar by a dart slug

Illustrated notes

Levels and vault maps discovered:
D:1:      sevenhm_arrival_forest_fort_small_6, layout_loops_ring,
          serial_bayou_lake_a
D:2:      layout_basic, basic_altar, ebering_ecumenical_altar_webs,
          st_stairs_13, minmay_fractal_squares_5, uniq_robin, uniq_jessica

Skill      XL: | |
---------------+-+-----
Evocations     | | 10.4
Fighting       | |  0.7
Short Blades   | |  0.7
Long Blades    | |  4.5
Axes           | |  0.7
Maces & Flails | |  0.7
Polearms       | |  0.7
Staves         | |  0.7
Slings         | |  0.7
Bows           | |  0.7
Crossbows      | |  0.7
Throwing       | |  0.7
Armour         | |  0.7
Dodging        | |  2.6
Stealth        | |  4.1
Shields        | |  0.7
Unarmed Combat | |  0.7
Spellcasting   | |  0.7
Conjurations   | |  0.5
Hexes          | |  0.5
Summonings     | |  0.5
Necromancy     | |  0.5
Translocations | |  0.5
Transmutations | |  0.5
Fire Magic     | |  0.5
Ice Magic      | |  0.5
Air Magic      | |  0.5
Earth Magic    | |  0.5
Poison Magic   | |  0.5
Invocations    | |  0.9

Action                   || total
-------------------------++-------
Melee: Dagger            ||    92
       Bite              ||     3
       Punch             ||     2
Evoke: Wand              ||     6
 Stab: Sleeping          ||     4
Armor: Robe              ||    15
Dodge: Dodged            ||    54
